 Dungeon Crawl Stone Soup version 0.31-a0-1620-gcbf77bbcfc (webtiles) character file.

Game seed: 1825630407188298270

157537 MacCMillion the Executioner (level 17, -8/163 HPs)
             Began as a Minotaur Fighter on Jan 11, 2024.
             Was the Champion of Okawaru.
             Killed from afar by a nagaraja (13 damage)
             ... with a poison arrow
             ... on level 4 of the Snake Pit.
             The game lasted 00:53:01 (30760 turns).

MacCMillion the Executioner (Minotaur Fighter)     Turns: 30760, Time: 00:53:01

Health: -8/163     AC: 24    Str: 37    XL:     17   Next: 12%
Magic:  22/22      EV: 12    Int:  5    God:    Okawaru [******]
Gold:   1156       SH:  0    Dex: 11    Spells: 16/16 levels left

rFire   + + .        S - +10 executioner's axe "Quesch" {speed, rF- rN++ Str+9}
rCold   + + +        (shield currently unavailable)
rNeg    + + .        O - +2 plate armour {rPois}
rPois   +            t - +0 hat
rElec   .            X - scarf {rC+ rF+}
rCorr   .            (no gloves)
SInv    .            R - +3 pair of boots of Pathos {rC+}
Will    ++...        a - amulet of regeneration Stlth
                     p - ring "Pyis" {rF+ rC+ Will+ Slay+2}
HPRegen 1.27/turn    T - ring of protection from fire
MPRegen 0.18/turn

%: no passive effects
@: lethally poisoned (-8 -> -14), studying Ice Magic
A: horns 2, retaliatory headbutt
a: Renounce Religion, Heroism, Finesse, Duel


You were on level 4 of the Snake Pit.
You worshipped Okawaru.
Okawaru was exalted by your worship.
You visited 4 branches of the dungeon, and saw 26 of its levels.
You also visited: Ice Cave and Volcano.

You collected 3166 gold pieces.
You spent 2010 gold pieces at shops.

Inventory:

Hand Weapons
 S - the +10 executioner's axe "Quesch" (weapon) {speed, rF- rN++ Str+9}
   (Okawaru gifted it to you on level 1 of the Lair of Beasts)

   Str+9:     It affects your strength (+9).
   rF-:       It makes you vulnerable to fire.
   rN++:      It greatly protects you from negative energy.
 Z - a +1 battleaxe of flaming
Missiles
 h - 9 atropa-tipped darts
 w - 10 javelins
 y - 48 poisoned darts (quivered)
 G - 5 silver javelins
 M - 4 curare-tipped darts
 N - 32 boomerangs
 Q - 2 throwing nets
Armour
 t - a +0 hat (worn)
 O - a +2 plate armour of poison resistance (worn)
 R - the +3 pair of boots of Pathos (worn) {rC+}
   (Okawaru gifted it to you on level 1 of the Lair of Beasts)

   rC+:       It protects you from cold.
 X - a scarf of resistance (worn)
Jewellery
 a - an amulet of regeneration (around neck)
 i - a +6 ring of dexterity
 n - a ring of protection from cold
 p - the ring "Pyis" (left hand) {rF+ rC+ Will+ Slay+2}
   (You bought it in a shop on level 1 of the Snake Pit)

   [ring of willpower]

   Slay+2:    It affects your accuracy & damage with ranged weapons and melee
   (+2).
   rF+:       It protects you from fire.
   rC+:       It protects you from cold.
   Will+:     It increases your willpower.
 L - a ring of willpower
 T - a ring of protection from fire (right hand)
 W - a ring of see invisible
Wands
 u - a wand of digging (12)
 E - a wand of iceblast (21)
 F - a wand of acid (13)
 P - a wand of polymorph (13)
 V - a wand of flame (38)
Scrolls
 e - 4 scrolls of enchant weapon
 m - 4 scrolls of poison
 o - 2 scrolls of silence
 s - 8 scrolls of teleportation
 v - 3 scrolls of enchant armour
 x - a scroll of fear
 z - 2 scrolls of blinking
 A - a scroll of revelation
 B - 8 scrolls of immolation
 C - 5 scrolls of fog
 H - a scroll of vulnerability
 U - 2 scrolls of brand weapon
Potions
 c - 2 potions of attraction
 d - 7 potions of might
 f - 3 potions of mutation
 g - 4 potions of ambrosia
 j - 2 potions of berserk rage
 l - 10 potions of curing
 q - a potion of experience {unknown}
 r - 6 potions of heal wounds
 D - 3 potions of invisibility {unknown}
 I - 4 potions of haste
 K - 4 potions of lignification {unknown}
 Y - 2 potions of cancellation
Miscellaneous
 b - a lightning rod (4/4)
 J - a tin of tremorstones (2/2)


   Skills:
 + Level 17.9 Fighting
 + Level 21.0 Axes
 - Level 11.0 Throwing
 + Level 17.9 Armour
 - Level 8.0 Dodging
 - Level 4.0 Shields
 - Level 9.0 Invocations


You had 16 spell levels left.
You didn't know any spells.
Your spell library contained the following spells:

 Spells                   Type           Power      Damage    Failure   Level
 Magic Dart               Conj           0%         1d3       88%         1
 Necrotise                Necr           0%         1d4       88%         1
 Shock                    Conj/Air       0%         1d3       88%         1
 Blink                    Tloc           0%         N/A       96%         2
 Cigotuvi's Dreadful Rot  Necr/Alch/Air  0%         N/A       96%         2
 Sublimation of Blood     Necr           0%         N/A       96%         2
 Hailstorm                Conj/Ice       0%         3d5       99%         3
 Swiftness                Air            0%         N/A       99%         3
 Vampiric Draining        Necr           0%         2d6       99%         3
 Airstrike                Air            0%         2d(0-16)  100%        4
 Anguish                  Hex/Necr       0%         N/A       100%        4
 Cause Fear               Hex            0%         N/A       100%        4
 Dispel Undead            Necr           0%         3d6       100%        4
 Ignite Poison            Fire/Alch      0%         N/A       100%        4
 Passage of Golubria      Tloc           0%         N/A       100%        4
 Sticky Flame             Fire/Alch      0%         2d4       100%        4
 Vhi's Electric Charge    Tloc/Air       0%         N/A       100%        4
 Arcjolt                  Conj/Air       0%         1d10      100%        5
 Curse of Agony           Necr           0%         N/A       100%        5
 Lee's Rapid Deconstruct  Erth           0%         3d4*      100%        5
 Yara's Violent Unravell  Hex/Alch       0%         3d3       100%        5
 Plasma Beam              Fire/Air       0%         2x1d10    100%        6
 Enfeeble                 Hex            0%         N/A       100%        7
 Ignition                 Fire           0%         3d3       100%        8
 Call Imp                 Summ           Unusable   N/A       N/A         2
 Summon Ice Beast         Ice/Summ       Unusable   N/A       N/A         3
 Tukima's Dance           Hex            Unusable   N/A       N/A         3
 Animate Armour           Summ/Erth      Unusable   N/A       N/A         4
 Martyr's Knell           Necr/Summ      Unusable   N/A       N/A         4
 Summon Lightning Spire   Summ/Air       Unusable   N/A       N/A         4
 Death Channel            Necr           Unusable   N/A       N/A         6
 Sculpt Simulacrum        Ice/Alch       Unusable   N/A       N/A         6
 Summon Hydra             Summ           Unusable   N/A       N/A         7

Dungeon Overview and Level Annotations

Branches:
Dungeon (15/15)            Temple (0/1) D:6            Lair (5/5) D:9
  Swamp (0/4) Lair:2        Snake (4/4) Lair:2        Slime (0/5) Lair:4
    Orc (2/2) D:12            Elf (0/3) Orc:2        Vaults (0/5) D:13
 Depths (0/4) D:15          IceCv (visited)         Volcano (visited)

Altars:
Ashenzari
Cheibriados
Dithmenos
Elyvilon
Hepliaklqana
Kikubaaqudgha
Makhleb
Nemelex Xobeh
Okawaru
Qazlal
Ru
Uskayaw
Vehumet
Xom
Yredelemnul
Zin

Shops:
D:3 =   D:5 *   D:15 (!   Orc:2 ([:(   Snake:1 [**=   Snake:3 *   Snake:4 =

Annotations:
D:5 1 runed translucent door, Crazy Yiuf
D:7 exclusion: 2 doors
D:10 exclusion: 3 oklob plants
D:15 3 runed translucent doors
Snake:4 1 runed translucent door, topfpfpflanze's ghost, adept FeSh


Innate Abilities, Weirdness & Mutations

You have a pair of horns on your head.
You reflexively headbutt those who attack you in melee.


Message History

* * * LOW HITPOINT WARNING * * *
You feel very sick.
The naga sharpshooter casts a spell.
The naga sharpshooter magically shoots an arrow.
The arrow hits you.
* * * LOW HITPOINT WARNING * * *
The nagaraja points at you and mumbles some strange words.
The bolt of poison hits you!
You are lethally poisoned!
You resist.
* * * LOW HITPOINT WARNING * * *
There is a stone staircase leading up, spattered with blood here.
You feel much better.
* * * LOW HITPOINT WARNING * * *
You feel extremely sick.
You feel better. The naga mage casts a spell at you.
The bolt of poison hits you. You resist.
* * * LOW HITPOINT WARNING * * *
The nagaraja gestures at you while chanting.
You resist with some effort.
The naga sharpshooter shoots an arrow.
The arrow completely misses you.
The naga sharpshooter shoots an arrow.
The arrow hits you but does no damage.
The naga mage casts a spell at the naga sharpshooter.
The naga sharpshooter's venom grows more potent.
The nagaraja spits poison at you. The splash of poison misses you.
The naga mage spits poison at you. The splash of poison hits you. You resist.
* * * LOW HITPOINT WARNING * * *
The naga sharpshooter mumbles some strange words.
The naga sharpshooter magically shoots an arrow.
The arrow hits you but does no damage.
The naga sharpshooter shoots an arrow.
The arrow hits you!
* * * LOW HITPOINT WARNING * * *
The nagaraja points at you and mumbles some strange words.
The poison arrow hits you!
You are lethally poisoned!
You partially resist.
You die...

#......[...## #............
.............###............
#...............#.............
#.........)).[[............^..
+........)....................
#...........................[.
+....#.....[.)########........
####.#######.....#......#........
......### #..N.@#......#........
........####.....#......'..####..
.8...8.....N.N...+......#.####...
##...##......N...####+###.###....
#...##..........................
#.....#####......................
#..... ##.....................
...N... ####.......#'##......#
8...NN8 ##......#..#......#


You could see a nagaraja (fast, catching breath), 2 naga sharpshooters and a
naga mage (fast, catching breath).

Vanquished Creatures
  Vashnia (Snake:3)
  Jorgrun (Orc:2)
  Aizul (Snake:3)
  An eleionoma (Lair:2)
  Nessos (Lair:3)
  An ettin (D:13)
  A vault guard (D:13)
  2 fire dragons (D:15)
  Harold (Lair:1)
  2 salamander tyrants
  2 ice dragons
  2 catoblepae
  A hydra (Lair:4)
  4 ogre magi
  4 centaur warriors
  5 anacondas
  4 boulder beetles
  5 death yaks (Lair:3)
  3 tengu warriors
  18 two-headed ogres
  8 naga warriors
  An occultist (D:15)
  11 naga sharpshooters
  7 shock serpents
  A skyshark (Lair:5)
  3 spectral anacondas (Snake:2)
  7 anaconda zombies (Snake:2)
  6 mana vipers
  A swamp dragon (Lair:5)
  A naga ritualist (Snake:4)
  An anaconda skeleton (Snake:2)
  An orc knight (D:15)
  2 orc sorcerers
  2 deep elf pyromancers
  2 wolf spiders (Lair:5)
  15 salamanders
  11 ugly things
  A manticore (D:15)
  8 cyclopes
  3 ice statues (IceCv)
  6 kobold blastminers
  5 guardian serpents
  21 elephants
  31 black mambas
  15 naga magi
  16 cane toads
  2 unseen horrors
  A kobold demonologist (D:12)
  5 yaktaurs (D:15)
  3 efreet
  3 rime drakes
  3 tengu conjurers
  2 freezing wraiths
  5 anaconda simulacra
  9 komodo dragons
  2 ice devils (D:13)
  5 trolls
  A polar bear (Lair:3)
  4 hornets
  21 blink frogs
  Sigmund (D:3)
  A centaur simulacrum (D:14)
  7 slime creatures
  15 wyverns
  3 wraiths
  A vampire (D:11)
  A death yak simulacrum (IceCv)
  A dire elephant simulacrum (IceCv)
  6 fire elementals
  47 yaks
  6 basilisks
  A golden eye (D:10)
  A warg (Orc:1)
  2 steam dragons
  3 redbacks (Lair:5)
  A vampire mosquito (D:7)
  27 nagas
  4 acid dragons
  31 water moccasins
  18 orc warriors
  A sky beast (shapeshifter) (D:13)
  Duvessa (D:7)
  A swamp drake (Lair:5)
  3 sky beasts (D:7)
  3 ice beasts
  2 laughing skulls (D:13)
  4 black bears
  34 ogres
  8 boggarts
  3 wolves (Lair:5)
  A phantom (D:6)
  9 centaurs
  2 kobold brigands
  A necrophage (D:5)
  13 bullfrogs
  A cane toad simulacrum (IceCv)
  3 scorpions
  A water moccasin zombie (D:4)
  Dowan (D:7)
  13 wights
  An elephant simulacrum (IceCv)
  6 howler monkeys
  3 hounds
  3 bombardier beetles
  A jelly (D:7)
  4 sleepcaps
  16 orc priests
  Jessica (D:2)
  8 iguanas
  23 orc wizards
  A wolf simulacrum (IceCv)
  A hound skeleton (D:5)
  A howler monkey zombie (D:4)
  9 gnolls
  4 adders
  6 ufetubi
  A ribbon worm (D:3)
  3 dart slugs
  45 orcs
  5 ball pythons
  A bat (D:1)
  5 endoplasms
  2 giant cockroaches
  4 goblins
  7 hobgoblins
  8 jackals (D:1)
  3 quokkas
  A frilled lizard (D:2)
  32 kobolds
  2 rats
801 creatures vanquished.

Vanquished Creatures (others)
  A spectral anaconda (Snake:2)
  A naga (Snake:4)
  An acid dragon (Lair:5)
3 creatures vanquished.

Grand Total: 804 creatures vanquished

Notes
Turn   | Place    | Note
-------+----------+-------------------------------------------
     0 | D:1      | MacCMillion the Minotaur Fighter began the quest for the
                  | Orb.
     0 | D:1      | Reached XP level 1. HP: 19/19 MP: 0/0
   150 | D:1      | Reached skill level 3 in Axes
   150 | D:1      | Reached XP level 2. HP: 25/26 MP: 1/1
   572 | D:1      | Reached skill level 4 in Axes
   572 | D:1      | Reached XP level 3. HP: 29/31 MP: 2/2
  1021 | D:2      | Noticed Jessica
  1032 | D:2      | Killed Jessica
  1033 | D:2      | Reached skill level 1 in Dodging
  1033 | D:2      | Reached XP level 4. HP: 29/39 MP: 3/3
  1116 | D:2      | Found a white marble altar of Elyvilon.
  1172 | D:2      | Identified the orb of Plog {*channel, Str+2}
  1404 | D:2      | Reached skill level 5 in Axes
  1488 | D:3      | Noticed Sigmund
  1805 | D:3      | Found Nionys's Jewellery Emporium.
  1847 | D:3      | Identified the +1 ring mail "Gyguacri" {*Slow rPois rC+
                  | SInv}
  2050 | D:3      | Killed Sigmund
  2051 | D:3      | Reached skill level 7 in Axes
  2051 | D:3      | Reached XP level 5. HP: 33/45 MP: 4/4
  2051 | D:3      | Reached XP level 6. HP: 37/51 MP: 5/5
  2167 | D:3      | Found a faded altar of an unknown god.
  2263 | D:3      | Found a hide-covered altar of Uskayaw.
  2514 | D:4      | Found an iron altar of Okawaru.
  2515 | D:4      | Found a snail-covered altar of Cheibriados.
  2562 | D:4      | Became a worshipper of Warmaster Okawaru
  2875 | D:4      | Reached skill level 8 in Axes
  3344 | D:4      | Reached XP level 7. HP: 51/57 MP: 6/6
  3368 | D:4      | Found a basalt altar of Yredelemnul.
  3426 | D:5      | Entered Level 5 of the Dungeon
  3436 | D:5      | Reached skill level 9 in Axes
  3642 | D:5      | Found a glowing silver altar of Zin.
  3644 | D:5      | Found Zin's Purification Station.
  3667 | D:5      | Reached * piety under Okawaru
  3814 | D:5      | Identified the serpent talisman "Huchoivy" {rElec rC+
                  | Dex+4}
  3860 | D:5      | Reached skill level 10 in Axes
  3964 | D:5      | Reached skill level 1 in Throwing
  3974 | D:5      | Reached skill level 1 in Invocations
  4040 | D:5      | Reached XP level 8. HP: 66/66 MP: 7/7
  4069 | D:5      | Found a runed translucent door.
  4070 | D:5      | Noticed Crazy Yiuf
  4249 | D:5      | Found a burning altar of Makhleb.
  4350 | D:5      | Found a shimmering altar of Xom.
  4362 | D:5      | Reached ** piety under Okawaru
  4832 | D:6      | Reached skill level 5 in Fighting
  4832 | D:6      | Reached skill level 5 in Armour
  5341 | D:6      | Found a staircase to the Ecumenical Temple.
  5641 | D:7      | Noticed Duvessa
  5641 | D:7      | Noticed Dowan
  5660 | D:7      | Killed Duvessa
  5660 | D:7      | Reached *** piety under Okawaru
  5661 | D:7      | Reached XP level 9. HP: 66/75 MP: 10/10
  5667 | D:7      | Killed Dowan
  5779 | D:7      | Reached skill level 11 in Axes
  5832 | D:7      | Noticed a deep elf pyromancer
  5838 | D:7      | Killed a deep elf pyromancer
  5875 | D:7      | Reached skill level 5 in Throwing
  5890 | D:7      | Noticed a cyclops
  5904 | D:7      | Killed a cyclops
  5904 | D:7      | Reached **** piety under Okawaru
  5943 | D:7      | Reached XP level 10. HP: 46/88 MP: 11/11
  6340 | D:7      | Found a hazy altar of Hepliaklqana.
  6343 | D:7      | Found a shadowy altar of Dithmenos.
  6347 | D:7      | Found a stormy altar of Qazlal.
  6378 | D:7      | Reached skill level 12 in Axes
  6439 | D:7      | Noticed a two-headed ogre
  7132 | D:9      | Reached ***** piety under Okawaru
  7430 | D:9      | Found a staircase to the Lair.
  7552 | D:9      | Noticed a deep elf pyromancer
  7556 | D:9      | Killed a deep elf pyromancer
  7556 | D:9      | Received a gift from Okawaru
  7557 | D:9      | Reached skill level 13 in Axes
  7598 | D:9      | Identified the +3 chain mail "Womul" {Int+2}
  7626 | D:9      | Identified the +0 spear "Rohebyu" {heavy, ^Drain rF++
                  | Dex+5}
  8043 | D:9      | Reached XP level 11. HP: 86/96 MP: 12/12
  8343 | D:10     | Entered Level 10 of the Dungeon
  8448 | D:10     | Found a radiant altar of Vehumet.
  8459 | D:10     | Reached skill level 10 in Fighting
  8568 | D:10     | Reached skill level 10 in Armour
  8704 | D:10     | Noticed an oklob plant
  9046 | D:10     | Found an ancient bone altar of Kikubaaqudgha.
  9063 | D:10     | Reached skill level 14 in Axes
  9304 | D:10     | Noticed an oklob plant
  9550 | D:10     | Found a sparkling altar of Nemelex Xobeh.
  9661 | D:10     | Noticed an oklob plant
 10085 | D:11     | Identified the +1 leather armour "Poulud" {rF- Int+5 Dex+2}
 10140 | D:11     | Reached skill level 15 in Axes
 10588 | D:11     | Noticed a boulder beetle
 10601 | D:11     | Killed a boulder beetle
 10690 | D:11     | Noticed a boulder beetle
 10710 | D:11     | Killed a boulder beetle
 10711 | D:11     | Reached skill level 16 in Axes
 10986 | D:12     | Noticed a two-headed ogre
 11049 | Lair:1   | Entered Level 1 of the Lair of Beasts
 11209 | Lair:1   | Noticed Harold
 11226 | Lair:1   | Killed Harold
 11226 | Lair:1   | Reached ****** piety under Okawaru
 11226 | Lair:1   | Received a gift from Okawaru
 11369 | Lair:1   | Acquired the +10 executioner's axe "Quesch" {speed, rF-
                  | rN++ Str+9}
 11369 | Lair:1   | Received a gift from Okawaru
 11375 | Lair:1   | Acquired the +3 pair of boots of Pathos {rC+}
 11375 | Lair:1   | Received a gift from Okawaru
 11414 | Lair:1   | Reached XP level 12. HP: 63/108 MP: 14/14
 11811 | Lair:1   | Reached skill level 5 in Invocations
 12363 | Lair:2   | Received a gift from Okawaru
 12404 | Lair:2   | Found a dark tunnel.
 13003 | Volcano  | Entered a volcano
 13614 | Lair:2   | Found a staircase to the Snake Pit.
 13842 | Lair:2   | Found a staircase to the Swamp.
 13842 | Lair:2   | Noticed an eleionoma
 13851 | Lair:2   | Killed an eleionoma
 13851 | Lair:2   | Received a gift from Okawaru
 14921 | Lair:3   | Noticed a catoblepas
 14939 | Lair:3   | Killed a catoblepas
 15103 | Lair:3   | Received a gift from Okawaru
 15104 | Lair:3   | Reached XP level 13. HP: 118/118 MP: 16/16
 15147 | Lair:3   | Noticed Nessos
 15154 | Lair:3   | Killed Nessos
 15154 | Lair:3   | Received a gift from Okawaru
 15155 | Lair:3   | Reached skill level 17 in Axes
 16577 | Lair:4   | Found a staircase to the Slime Pits.
 16706 | Lair:4   | Found the +8 pair of quick blades "Gyre" and "Gimble"
                  | {protect}
 17023 | Lair:5   | Entered Level 5 of the Lair of Beasts
 17129 | Lair:5   | Received a gift from Okawaru
 17738 | Lair:5   | Received a gift from Okawaru
 17873 | Lair:5   | Reached XP level 14. HP: 107/129 MP: 19/19
 18464 | Lair:5   | Received a gift from Okawaru
 18744 | Lair:5   | Reached skill level 18 in Axes
 19384 | Lair:5   | Identified the +8 orcbow "Geurav" {heavy, rN++ Str+4}
 19950 | D:13     | Found a frozen archway.
 19965 | IceCv    | Entered an ice cave
 20054 | IceCv    | Reached skill level 10 in Throwing
 20451 | D:13     | Received a gift from Okawaru
 20624 | D:13     | Found a gate to the Vaults.
 21189 | D:14     | Identified the +4 hand axe "Demonbane" {elec, Str+3}
 21195 | D:14     | Found a broken altar of Ashenzari.
 21323 | D:14     | Received a gift from Okawaru
 21862 | D:12     | Found a staircase to the Orcish Mines.
 21872 | D:12     | Reached XP level 15. HP: 60/139 MP: 20/20
 22554 | Orc:1    | Entered Level 1 of the Orcish Mines
 22620 | Orc:1    | Received a gift from Okawaru
 23133 | Orc:2    | Entered Level 2 of the Orcish Mines
 23216 | Orc:2    | Reached skill level 15 in Armour
 23216 | Orc:2    | Reached skill level 5 in Dodging
 23321 | Orc:2    | Reached skill level 15 in Fighting
 23440 | Orc:2    | Received a gift from Okawaru
 23446 | Orc:1    | Reached skill level 19 in Axes
 23553 | Orc:2    | Noticed Jorgrun
 23560 | Orc:2    | Killed Jorgrun
 23650 | Orc:2    | Paralysed by an ogre mage for 5 turns
 23662 | Orc:2    | Received a gift from Okawaru
 23777 | Orc:2    | Found a staircase to the Elven Halls.
 23897 | Orc:2    | Found Kuil's Antique Weapon Boutique.
 23897 | Orc:2    | Found Othril Inao's Book Shoppe.
 23900 | Orc:2    | Found Udotat's Armour Shoppe.
 23900 | Orc:2    | Found Veuttyus's Weapon Shop.
 24544 | D:15     | Entered Level 15 of the Dungeon
 24544 | D:15     | Found a runed translucent gate.
 24544 | D:15     | Found a runed translucent gate.
 24544 | D:15     | Found a runed translucent gate.
 24817 | D:15     | Found Fime's Distillery.
 24823 | D:15     | Bought a potion of cancellation for 144 gold pieces
 25354 | D:14     | Received a gift from Okawaru
 25473 | D:15     | Found a sacrificial altar of Ru.
 25613 | D:15     | Found Kaas's Antique Weapon Boutique.
 25635 | D:15     | Found a staircase to the Depths.
 25959 | Snake:1  | Entered Level 1 of the Snake Pit
 26127 | Snake:1  | Reached XP level 16. HP: 121/151 MP: 21/21
 26148 | Snake:1  | Found Byepadghuzei's Jewellery Boutique.
 26148 | Snake:1  | Found Pekleruse's Armour Shop.
 26149 | Snake:1  | Found Belempud's Assorted Antiques.
 26166 | Snake:1  | Found Qaasohik's Assorted Antiques.
 26183 | Snake:1  | Bought a scroll of identify for 56 gold pieces
 26183 | Snake:1  | Bought a fuming cyan potion for 25 gold pieces
 26183 | Snake:1  | Bought a scroll labelled LUNTA HAUPILYM for 28 gold pieces
 26189 | Snake:1  | Bought the ring "Pyis" {rF+ rC+ Will+ Slay+2} for 1033 gold
                  | pieces
 26201 | Snake:1  | Bought a scroll of identify for 58 gold pieces
 27320 | Snake:2  | Received a gift from Okawaru
 27510 | Snake:2  | Reached skill level 20 in Axes
 27974 | Snake:3  | Received a gift from Okawaru
 27976 | Snake:3  | Noticed Vashnia
 27997 | Snake:3  | Killed Vashnia
 28468 | Snake:3  | Received a gift from Okawaru
 28728 | Snake:3  | Identified the serpent talisman of the Transmuting Gods
                  | {rElec Will+ Dex-5}
 28728 | Snake:3  | Noticed Aizul
 28741 | Snake:3  | Killed Aizul
 28914 | Snake:3  | Found Zekostur's Assorted Antiques.
 29022 | Snake:4  | Entered Level 4 of the Snake Pit
 29388 | Snake:4  | Received a gift from Okawaru
 29614 | Snake:1  | Bought a +2 plate armour of poison resistance for 666 gold
                  | pieces
 29943 | Snake:4  | Reached XP level 17. HP: 59/163 MP: 22/22
 30071 | Snake:4  | Received a gift from Okawaru
 30406 | Snake:4  | Found a runed translucent door.
 30413 | Snake:4  | Noticed topfpfpflanze's ghost (adept FeSh)
 30440 | Snake:4  | Found a radiant altar of Vehumet.
 30450 | Snake:4  | Reached skill level 21 in Axes
 30566 | Snake:4  | Found a hazy altar of Hepliaklqana.
 30646 | Snake:4  | Found Bumalud's One-of-a-Kind Rings.
 30757 | Snake:4  | HP: 3/163 [nagaraja/bolt of poison (8)]
 30760 | Snake:4  | Killed from afar by a nagaraja

Illustrated notes

Levels and vault maps discovered:
D:1:      dpeg_arrival_tiny_i, layout_loops_cross, hex_medium
D:2:      layout_basic, basic_altar, uniq_jessica
D:3:      layout_basic, general_overflow_altar,
          hellmonk_ecumenical_altar_prayer_group, serial_shops, shop,
          uniq_sigmund
D:4:      layout_loops_ring, grunt_temple_overflow_open,
          lemuel_zombie_altar_yredelemnul, kennysheep_nub, st_stairs_5,
          nicolae_figureground_pulse
D:5:      kennysheep_kobold_camp, layout_rooms, mainiacjoe_overflow_alcove_4,
          zin_purify, makhleb_blood_cavern_becter, uniq_crazy_yiuf_cottage
D:6:      layout_rooms, minmay_temple_entry_enclosed_plants
D:7:      minmay_the_grid_octo_tiled_squarecenter
          [minmay_the_grid_octo_clover_2, minmay_the_grid_octo_pinwheel,
          minmay_the_grid_octo_shrine, minmay_the_grid_octo_horde,
          minmay_the_grid_square_5x5_megaprize_checkered,
          minmay_the_grid_square_5x5_forky, minmay_the_grid_square_5x5_shuriken,
          minmay_the_grid_square_5x5_seven, minmay_the_grid_square_5x5_percent],
          layout_basic, grunt_temple_overflow_diamond,
          nicolae_elevator_lobby_plus, uniq_duvessa
D:8:      wander_river, layout_cave_pools, grunt_decor_mini_mirrors
D:9:      layout_loops_corners, minmay_lair_entry_grove
D:10:     layout_layer_cave, nicolae_vehumet_radiance,
          nemelex_diamond_rough_becter, lemuel_tele_altar, disabler_island
D:11:     layout_gridville, minmay_misc_feat_x
D:12:     layout_loops_ring, david_orc_3, special_room [special_room_orc]
D:13:     layout_roguey, david_vaults_4, portal_ice_cave_demonic_guard
D:14:     layout_loops_ring, ashenzari_conservatory_becter,
          chequers_decorated_corner
D:15:     grunt_enter_depths_hoard, layout_irregular_city,
          nicolae_ru_path_of_blood, ploomutoo_gammafunk_ghost_potion_laboratory,
          serial_shops, shop, shop
Lair:1:   layout_cellular_growth, grunt_forest_small_clearing_treed,
          lemuel_fruit_tree, grunt_megastairs_4, uniq_harold
Lair:2:   layout_cave_pods, alex1729_swamp_entry_worm_eleionoma,
          minmay_snake_entry_six_corridors, nicolae_volcano_entry_two_sided
Lair:3:   layout_cave_pods, grunt_megastairs_5, uniq_nessos
Lair:4:   layout_cave_shapes, slime_entry_1, grunt_megastairs_3,
          infiniplex_staircase_pool_2, serial_bayou_shore_b
Lair:5:   guppyfry_lair_end_dragon, layout_gridlike,
          hangedman_lair_tendril_chambers, minmay_hedge_maze
Snake:1:  layout_rooms, minmay_shoptagon
Snake:2:  layout_onion, nicolae_snake_dead_anacondas
Snake:3:  layout_rooms, serial_shops, nicolae_shop_rolling_square, uniq_aizul,
          uniq_vashnia
Snake:4:  hellmonk_snake_rune_quicksilver_temple, layout_cave_town,
          ebering_ghost_inner_flame, hangedman_feature_mirror,
          nicolae_shop_unique_rings
Orc:1:    layout_caves, basic_altar
Orc:2:    st_orc_ogre_mass, layout_diamond_mine, nicolae_orc_lava_tube,
          uniq_jorgrun

Skill      XL: |  1  2  3  4  5  6  7  8  9 10 11 12 13 14 15 16 17 |
---------------+----------------------------------------------------+-----
Shields        | 4 |  4.0
Axes           | 3 4 7 8 10 11 13 16 17 18 19 20 21 | 21.0
Dodging        | 1 2 4 7 8 |  8.0
Throwing       | 1 3 5 6 7 9 10 11 | 11.0
Fighting       | 4 5 7 9 10 12 13 14 15 17 | 17.9
Armour         | 4 5 7 9 10 12 13 14 16 17 | 17.9
Invocations    | 1 3 4 6 8 9 |  9.0

Action                     |  1- 3 |  4- 6 |  7- 9 | 10-12 | 13-15 | 16-18 || total
---------------------------+-------+-------+-------+-------+-------+-------++-------
  Melee: War axe           |    62 |    82 |   240 |   376 |       |       ||   760
         Headbutt          |     3 |    16 |    50 |    83 |   136 |    95 ||   383
         Executioner's axe |       |       |       |   113 |   771 |   365 ||  1249
         Battleaxe         |       |       |       |       |     5 |       ||     5
  Throw: Dart              |       |       |     5 |    15 |     5 |       ||    25
 Invoke: Heroism           |       |       |     1 |       |     4 |     4 ||     9
         Receive Weapon    |       |       |       |     1 |       |       ||     1
         Receive Armour    |       |       |       |     1 |       |       ||     1
         Finesse           |       |       |       |       |     1 |     1 ||     2
    Use: Potion            |       |     1 |       |       |     2 |     5 ||     8
         Scroll            |       |       |       |     8 |    10 |     8 ||    26
   Stab: Petrifying        |       |       |       |       |     1 |       ||     1
 Armour: Scale mail        |    43 |     8 |       |       |       |       ||    51
         Chain mail        |       |    43 |   167 |   304 |   325 |       ||   839
         Plate armour      |       |       |       |       |   312 |   358 ||   670
  Dodge: Dodged            |    31 |    30 |   101 |   184 |   330 |   186 ||   862
  Block: Buckler           |    12 |    12 |    55 |    69 |       |       ||   148

Table legend: (Time is in decaauts)
 A = Elapsed time spent in this place.
 B = Non-inter-level travel time spent in this place.
 C = Inter-level travel time spent in this place.
 D = Time resting spent in this place.
 E = Time spent auto-exploring this place.
 F = Levels seen in this place.
 G = Mean time per level.
                   A        B        C        D        E       F      G
               +--------+--------+--------+--------+--------+-----+--------+
         Total |  30318 |  28263 |   2055 |   7350 |  15841 |  28 | 1082.8 |
       Dungeon |  15816 |  14543 |   1273 |   2830 |   9118 |  15 | 1054.4 |
          Lair |   7845 |   7357 |    488 |   2072 |   4148 |   5 | 1569.0 |
     Snake Pit |   4301 |   4118 |    183 |   1754 |   1567 |   4 | 1075.2 |
  Orcish Mines |   1545 |   1435 |    110 |    165 |    985 |   2 |  772.5 |
      Ice Cave |    268 |    268 |      0 |    123 |     22 |   1 |  268.0 |
       Volcano |    541 |    541 |      0 |    405 |      0 |   1 |  541.0 |
               +--------+--------+--------+--------+--------+-----+--------+

Top non-repeatable levels by time:
  Lair:5: 2160 daAuts
  Lair:2: 1935 daAuts
    D:10: 1774 daAuts
  Lair:3: 1338 daAuts
  Lair:1: 1256 daAuts
     D:4: 1185 daAuts
    D:14: 1166 daAuts
 Snake:3: 1160 daAuts
  Lair:4: 1154 daAuts
     D:2: 1130 daAuts
 Snake:2: 1109 daAuts
    D:13: 1085 daAuts
     D:9: 1062 daAuts
 Snake:1: 1032 daAuts
    D:15: 1030 daAuts
